 Seeded DCSS version 0.30-a0-860-g512cf1e979 (webtiles) character file.

Game seed: 20230228 (custom seed)

438 muata the Insei (level 7, -1/52 HPs)
             Began as a Gnoll Transmuter on Feb 28, 2023.
             Slain by Pikel
             ... wielding a +2 whip of freezing
              (3 damage)
             ... on level 4 of the Dungeon on Mar 8, 2023.
             The game lasted 00:20:36 (2838 turns).

muata the Insei (Gnoll Transmuter)                  Turns: 2838, Time: 00:20:37

Health: -1/52      AC:  3    Str:  9    XL:     7   Next: 1%
Magic:  12/15      EV: 14    Int: 12    God:
Gold:   179        SH:  0    Dex: 15    Spells: 9/17 levels left

rFire   . . .      SeeInvis .      - Unarmed
rCold   . . .      Faith    .    (no shield)
rNeg    + . .      Spirit   .    q - +1 robe "Ricima" {rN+ Slay+3}
rPois   .          Reflect  .    n - melded +1 hat
rElec   .          Rampage  .    (no cloak)
rCorr   .                        (no gloves)
Will    .....                    (boots currently unavailable)
Stlth   ++                       (no amulet)
HPRegen 0.28/turn                (no ring)
MPRegen 0.14/turn                (no ring)

@: appendages (expiring), wereblooded
A: horns 2, talons 2, fangs 1, strong nose, distributed training
a: End Transformation


You were on level 4 of the Dungeon.
You had temporarily grown beastly horns and talons.
You visited 1 branch of the dungeon, and saw 4 of its levels.

You collected 179 gold pieces.

Inventory:

Hand Weapons
 i - the +1 spear of Hyixzulo {elec, SInv}
   (You found it on level 2 of the Dungeon)

   SInv:      It lets you see invisible.
Missiles
 r - 5 atropa-tipped darts (quivered)
Armour
 a - a +0 robe
 h - a +0 ring mail
 n - a +1 hat (melded)
 q - the +1 robe "Ricima" (worn) {rN+ Slay+3}
   (You found it on level 3 of the Dungeon)

   Slay:      It affects your accuracy & damage with ranged weapons and melee
   (+3).
   rN:        It protects you from negative energy.
Jewellery
 d - a ring of flight
Scrolls
 f - a scroll of butterflies {unknown}
 k - 3 scrolls of teleportation {unknown}
 l - a scroll of identify {unknown}
 p - a scroll of magic mapping {unknown}
 s - a scroll of blinking {unknown}
Potions
 b - 3 potions of lignification
 c - a potion of haste {unknown}
 e - 3 potions of curing {unknown}
 g - a potion of mutation {unknown}
 j - 3 potions of attraction {unknown}
 m - a potion of resistance {unknown}
 o - 2 potions of magic {unknown}


   Skills:
 + Level 3.5 Fighting
 + Level 2.3 Short Blades
 + Level 2.3 Long Blades
 + Level 2.3 Axes
 + Level 2.3 Maces & Flails
 + Level 2.3 Polearms
 + Level 2.3 Staves
 + Level 2.3 Ranged Weapons
 + Level 2.3 Throwing
 + Level 2.3 Armour
 + Level 5.1 Dodging
 + Level 2.3 Stealth
 + Level 2.3 Shields
 + Level 7.0 Unarmed Combat
 + Level 5.5 Spellcasting
 + Level 1.8 Conjurations
 + Level 1.8 Hexes
 + Level 1.8 Summonings
 + Level 1.8 Necromancy
 + Level 1.8 Translocations
 + Level 4.2 Transmutations
 + Level 1.8 Fire Magic
 + Level 1.8 Ice Magic
 + Level 1.8 Air Magic
 + Level 1.8 Earth Magic
 + Level 1.8 Poison Magic
 + Level 2.5 Invocations
 + Level 2.3 Evocations


You had 9 spell levels left.
You knew the following spells:

 Your Spells              Type           Power      Damage    Failure   Level
a - Beastly Appendage     Tmut           26%        N/A       3%          1
b - Wereblood             Tmut           13%        N/A       4%          2
c - Spider Form           Tmut/Pois      10%        N/A       16%         3
d - Ensorcelled Hibernat  Hex/Ice        14%        N/A       13%         2

Your spell library contained the following spells:

 Spells                   Type           Power      Damage    Failure   Level
 Ice Form                 Ice/Tmut       10%        N/A       47%         4
 Anguish                  Hex/Necr       3%         N/A       65%         4


Dungeon Overview and Level Annotations

Branches:
Dungeon (4/15)
 Temple: D:4-7

Altars:

Annotations:
D:4 Pikel


Innate Abilities, Weirdness & Mutations

You have temporarily grown beastly horns and talons.
You have very sharp teeth.
Your uncanny sense of smell can sniff out nearby items.
Your experience applies equally to all skills.


Message History

The gnoll is almost dead.
You completely miss the gnoll. You claw the gnoll.
You feel a bit better.
You kill the gnoll!
Your Unarmed Combat skill increases to level 7!
You have reached level 7!
You closely miss the lemure. Your kick misses the lemure.
You headbutt the lemure!
The lemure is heavily wounded.
You howl as the wereblood boils in your veins!
The lemure barely misses you.
You hit the lemure. You claw the lemure. You headbutt the lemure!
The lemure is almost dead.
You howl as the wereblood boils in your veins!
Pikel hits you with a +2 whip of freezing!
Pikel freezes you.
You hit the lemure.
You kill the lemure!
That felt strangely unrewarding.
Pikel misses you. The lemure barely misses you.
The lemure completely misses you.
You hit the lemure. You claw the lemure, but do no damage.
You headbutt the lemure!
The lemure is heavily wounded.
The lemure closely misses you.
Pikel hits you with a +2 whip of freezing!
Pikel freezes you. The lemure hits you.
You punch the lemure! Your kick misses the lemure.
The lemure is severely wounded.
You howl as the wereblood boils in your veins!
The lemure hits you. x2
Pikel hits you with a +2 whip of freezing!
* * * LOW HITPOINT WARNING * * *
Pikel freezes you.
* * * LOW HITPOINT WARNING * * *
You hit Pikel. Your kick misses Pikel. You headbutt Pikel!
Pikel is moderately wounded.
You closely miss Pikel. You claw Pikel, but do no damage.
Pikel is moderately wounded.
Your transformation is almost over.
Pikel hits you with a +2 whip of freezing.
You die...

.# .. ... ...## ..##
##..# ....#
..#####..... ....
###...#.......# ...#
.... #.......#
....##...# ...##
........# #...J5.#
##....## ...†....#
#.5K5# #......#
####....# #..@#
#...... ##<>.# ##..#
###.<... # ##..##
#..####...## # ##..#
#..##......# # #..##
#......##..## ###
#######...#
#....#####..## #.#
....#.....####...###
##..# ##.#
............#...##
#..###.##
.####..........#
##..#.##


You could see Pikel, 3 lemures and an endoplasm.

Vanquished Creatures
  Sigmund (D:3)
  A lemure (D:4)
  A jelly (D:3)
  An orc priest (D:3)
  An iguana (D:2)
  An orc wizard (D:3)
  3 gnolls (D:4)
  5 adders
  3 worms
  A dart slug (D:1)
  6 orcs (D:3)
  4 bats
  11 endoplasms
  5 goblins
  4 hobgoblins
  13 jackals
  7 ball pythons
  6 frilled lizards
  6 kobolds
  6 rats
86 creatures vanquished.

Notes
Turn   | Place    | Note
-------+----------+-------------------------------------------
     0 | D:1      | muata the Gnoll Transmuter began the quest for the Orb.
     0 | D:1      | Reached XP level 1. HP: 17/17 MP: 6/6
   106 | D:1      | Reached XP level 2. HP: 20/23 MP: 7/7
   154 | D:1      | Learned a level 2 spell: Wereblood
   505 | D:1      | Reached skill level 5 in Spellcasting
   505 | D:1      | Reached XP level 3. HP: 28/28 MP: 7/9
   703 | D:1      | Learned a level 3 spell: Spider Form
   734 | D:2      | Identified the +1 spear of Hyixzulo {elec, SInv}
   815 | D:2      | Reached skill level 1 in Short Blades
   815 | D:2      | Reached skill level 1 in Long Blades
   815 | D:2      | Reached skill level 1 in Axes
   815 | D:2      | Reached skill level 1 in Maces & Flails
   815 | D:2      | Reached skill level 1 in Polearms
   815 | D:2      | Reached skill level 1 in Staves
   815 | D:2      | Reached skill level 1 in Ranged Weapons
   815 | D:2      | Reached skill level 1 in Throwing
   815 | D:2      | Reached skill level 1 in Armour
   815 | D:2      | Reached skill level 1 in Stealth
   815 | D:2      | Reached skill level 1 in Shields
   815 | D:2      | Reached skill level 1 in Invocations
   815 | D:2      | Reached skill level 1 in Evocations
   906 | D:2      | Reached XP level 4. HP: 29/34 MP: 11/11
  1337 | D:2      | Reached skill level 1 in Conjurations
  1337 | D:2      | Reached skill level 1 in Hexes
  1337 | D:2      | Reached skill level 1 in Summonings
  1337 | D:2      | Reached skill level 1 in Necromancy
  1337 | D:2      | Reached skill level 1 in Translocations
  1337 | D:2      | Reached skill level 1 in Fire Magic
  1337 | D:2      | Reached skill level 1 in Ice Magic
  1337 | D:2      | Reached skill level 1 in Air Magic
  1337 | D:2      | Reached skill level 1 in Earth Magic
  1337 | D:2      | Reached skill level 1 in Poison Magic
  1671 | D:2      | Upgraded the game from 0.30-a0-830-gfe289a77b0 to
                  | 0.30-a0-840-ga523dec638
  1671 | D:2      | Upgraded the game from 0.30-a0-840-ga523dec638 to
                  | 0.30-a0-845-g7c6808c8ce
  1696 | D:2      | Upgraded the game from 0.30-a0-845-g7c6808c8ce to
                  | 0.30-a0-859-gf88a04b62d
  1786 | D:3      | Reached XP level 5. HP: 11/40 MP: 10/12
  1929 | D:3      | Upgraded the game from 0.30-a0-859-gf88a04b62d to
                  | 0.30-a0-860-g512cf1e979
  2065 | D:3      | Identified the +1 robe "Ricima" {rN+ Slay+3}
  2139 | D:3      | Noticed Sigmund
  2154 | D:3      | Killed Sigmund
  2155 | D:3      | Reached skill level 5 in Dodging
  2155 | D:3      | Reached XP level 6. HP: 30/47 MP: 14/14
  2692 | D:4      | Learned a level 2 spell: Ensorcelled Hibernation
  2826 | D:4      | Noticed Pikel
  2832 | D:4      | Reached skill level 7 in Unarmed Combat
  2832 | D:4      | Reached XP level 7. HP: 48/52 MP: 12/15
  2836 | D:4      | HP: 1/52 [Pikel/+2 whip of freezing (4)]
  2838 | D:4      | Slain by Pikel

Illustrated notes

Levels and vault maps discovered:
D:1:      mrwooster_arrival_arrow, layout_loops_ring
D:2:      layout_loops_ring, minmay_misc_feat_nine_boxes
D:3:      layout_basic, uniq_sigmund
D:4:      layout_layer_cave, kennysheep_generic_room_10, uniq_pikel

Skill      XL: |  1  2  3  4  5  6 |
---------------+-------------------+-----
Spellcasting   | 5 |  5.5
Short Blades   | 1 2 |  2.3
Long Blades    | 1 2 |  2.3
Axes           | 1 2 |  2.3
Maces & Flails | 1 2 |  2.3
Polearms       | 1 2 |  2.3
Staves         | 1 2 |  2.3
Ranged Weapons | 1 2 |  2.3
Throwing       | 1 2 |  2.3
Armour         | 1 2 |  2.3
Stealth        | 1 2 |  2.3
Shields        | 1 2 |  2.3
Invocations    | 1 2 |  2.5
Evocations     | 1 2 |  2.3
Conjurations   | 1 |  1.8
Hexes          | 1 |  1.8
Summonings     | 1 |  1.8
Necromancy     | 1 |  1.8
Translocations | 1 |  1.8
Fire Magic     | 1 |  1.8
Ice Magic      | 1 |  1.8
Air Magic      | 1 |  1.8
Earth Magic    | 1 |  1.8
Poison Magic   | 1 |  1.8
Fighting       | 3 |  3.5
Transmutations | 4 |  4.2
Dodging        | 5 |  5.1
Unarmed Combat | 7 |  7.0

Action                     |  1- 3 |  4- 6 |  7- 9 || total
---------------------------+-------+-------+-------++-------
  Melee: Unarmed           |    69 |   159 |     7 ||   235
         Bite              |     6 |    12 |       ||    18
         Kick              |     4 |    14 |     3 ||    21
         Headbutt          |     2 |     8 |     4 ||    14
         Punch             |       |     5 |       ||     5
   Cast: Beastly Appendage |     3 |     8 |       ||    11
         Wereblood         |       |     4 |       ||     4
   Stab: Sleeping          |     6 |     1 |       ||     7
 Armour: Robe              |     9 |    21 |       ||    30
  Dodge: Dodged            |    31 |   108 |     5 ||   144

Table legend: (Time is in decaauts)
 A = Elapsed time spent in this place.
 B = Non-inter-level travel time spent in this place.
 C = Inter-level travel time spent in this place.
 D = Time resting spent in this place.
 E = Time spent auto-exploring this place.
 F = Levels seen in this place.
 G = Mean time per level.
                   A        B        C        D        E       F      G
               +--------+--------+--------+--------+--------+-----+--------+
         Total |   2808 |   2668 |    140 |    223 |   1742 |   4 |  702.0 |
       Dungeon |   2808 |   2668 |    140 |    223 |   1742 |   4 |  702.0 |
               +--------+--------+--------+--------+--------+-----+--------+

Top non-repeatable levels by time:
     D:2: 1007 daAuts
     D:3: 925 daAuts
     D:1: 723 daAuts
     D:4: 151 daAuts
